 Dungeon Crawl Stone Soup version 0.28.0-53-g5a82cb258f (webtiles) character file.

Game seed: 8309350903649339095

989 Ethylacetat the Shooter (level 8, -1/73 HPs)
             Began as a Naga Hunter on May 21, 2022.
             Was an Initiate of Cheibriados.
             Slain by a white imp (2 damage)
             ... on level 5 of the Dungeon.
             The game lasted 00:20:40 (5342 turns).

Ethylacetat the Shooter (Naga Hunter)               Turns: 5342, Time: 00:20:40

Health: -1/73      AC:  9    Str: 16    XL:     8   Next: 18%
Magic:  8/8        EV:  7    Int: 13    God:    Cheibriados [......]
Gold:   18         SH:  0    Dex: 14    Spells: 7/7 levels left

rFire   + . .      SeeInvis +   a - +2 shortbow
rCold   + . .      Faith    .   (shield currently unavailable)
rNeg    . . .      Spirit   .   c - +0 leather armour
rPois   +          Reflect  .   (no helmet)
rElec   +          Harm     .   f - +0 cloak
rCorr   +          Rampage  .   (no gloves)
Will    +....                   l - +0 barding
Stlth   ++........              (no amulet)
HPRegen 0.22/turn               (no ring)
MPRegen 0.11/turn               (no ring)

@: resistant, attractive, very slow
A: AC +2, large, see invisible, deformed body, poison resistance, slowness 2,
spit poison 1, naga tail 1
a: Spit Poison, Renounce Religion


You were on level 5 of the Dungeon.
You worshipped Cheibriados.
Cheibriados was noncommittal.
You visited 2 branches of the dungeon, and saw 6 of its levels.

You collected 130 gold pieces.
You spent 112 gold pieces at shops.

Inventory:

Hand Weapons
 a - a +2 shortbow (weapon)
 b - a +0 short sword
Armour
 c - a +0 leather armour (worn)
 f - a +0 cloak (worn)
 l - a +0 barding (worn)
Scrolls
 e - 7 scrolls of identify {unknown}
 g - 2 scrolls of vulnerability {unknown}
 h - 3 scrolls of noise {unknown}
 j - 2 scrolls of teleportation {unknown}
 k - 2 scrolls of fog {unknown}
Potions
 n - a potion of attraction


   Skills:
 + Level 4.9 Fighting
 - Level 1.9 Short Blades
 * Level 7.5 Bows
 - Level 2.0 Armour
 - Level 1.5 Dodging
 - Level 1.5 Stealth


You had 7 spell levels left.
You didn't know any spells.
Your spell library contained the following spells:

 Spells                   Type           Power      Damage    Failure   Level
 Shock                    Conj/Air       0%         1d3       36%         1
 Call Canine Familiar     Summ           0%         N/A       75%         3
 Gell's Gravitas          Tloc           0%         N/A       75%         3
 Lesser Beckoning         Tloc           0%         N/A       75%         3
 Portal Projectile        Hex/Tloc       0%         N/A       75%         3
 Swiftness                Air            0%         N/A       75%         3
 Teleport Other           Tloc           0%         N/A       75%         3
 Airstrike                Air            0%         N/A       98%         4
 Leda's Liquefaction      Hex/Erth       0%         N/A       98%         4


Dungeon Overview and Level Annotations

Branches:
Dungeon (5/15)             Temple (1/1) D:5

Altars:
Ashenzari
Cheibriados
Fedhas
Gozag
Nemelex Xobeh
Trog
Wu Jian

Shops:
D:3 ((::   D:4 *   D:5 *

Annotations:
D:3 1 runed translucent door, H0rd4k's ghost, amateur HuAr


Innate Abilities, Weirdness & Mutations

Your serpentine skin is tough. (AC +2)
You have supernaturally acute eyesight. (SInv)
Armour fits poorly on your strangely shaped body.
Your system is resistant to poisons. (rPois)
You cover ground very slowly.
You can spit poison.
You have a snake-like lower body.


Message History

The puff of frost hits you. You resist.
* * * LOW HITPOINT WARNING * * *
Fire: 4 arrows
Press: ? - help, Q - select action, (/) - cycle Shift-Dir - straight line, f/p - bullfrog zombie
Aim: a bullfrog zombie (moderately damaged, 76% to hit)
You shoot an arrow. The arrow hits the bullfrog zombie!
The bullfrog zombie is severely damaged.
The bullfrog zombie hits you but does no damage.
Fire: 3 arrows
Press: ? - help, Q - select action, (/) - cycle Shift-Dir - straight line, f/p - bullfrog zombie
Aim: a bullfrog zombie (severely damaged, 76% to hit)
You shoot an arrow. The arrow hits the bullfrog zombie.
The bullfrog zombie is almost destroyed.
The bullfrog zombie hits you but does no damage.
The white imp hits you but does no damage.
Fire: 2 arrows
Press: ? - help, Q - select action, (/) - cycle Shift-Dir - straight line, f/p - bullfrog zombie
Aim: a bullfrog zombie (almost destroyed, 76% to hit)
You shoot an arrow. The arrow hits the bullfrog zombie.
The bullfrog zombie is almost destroyed.
The bullfrog zombie hits you but does no damage.
The white imp summons a swarm of flies.
The white imp gestures at you. The puff of frost hits you. You resist.
* * * LOW HITPOINT WARNING * * *
The bullfrog zombie barely misses you.
Fire: arrow
Press: ? - help, Q - select action, (/) - cycle Shift-Dir - straight line, f/p - bullfrog zombie
Aim: a bullfrog zombie (almost destroyed, 76% to hit)
You shoot an arrow.
The arrow barely misses the bullfrog zombie.
The white imp closely misses you. The bullfrog zombie hits you.
* * * LOW HITPOINT WARNING * * *
Okay, then.
As you read the scroll labelled FANASA KEADICO, it crumbles to dust.
It is a scroll of amnesia.
You feel forgetful for a moment. The white imp hits you.
* * * LOW HITPOINT WARNING * * *
The white imp freezes you. You resist.
You die...

#.#.#..####........
#.#................
#<##............... #
#.##...## #.......#
#.#.#....####...##+##
#(#'#................
(.W....######...#.##
.#.###5##...........####
.......@Z.....(..##....#
.##.##.##.#.##...##.##.#
#.#.........##.....
..#..#.###..##....#
##.#..#.###.........
#.............)....
..............#.....
#?......######.####..
........# #.####.#


You could see a wraith, a white imp and a bullfrog zombie.

Vanquished Creatures
  A black bear (D:4)
  An ogre (D:4)
  2 necrophages
  2 scorpions
  A wyvern zombie (D:4)
  3 orc priests
  A hound (D:4)
  Jessica (D:3)
  4 iguanas
  2 orc wizards (D:3)
  Natasha (thrice) (D:3)
  An adder (D:4)
  A gnoll (D:1)
  An ufetubus (D:5)
  A worm (D:3)
  A dart slug (D:1)
  8 orcs
  3 endoplasms
  6 giant cockroaches
  4 goblins
  11 hobgoblins
  2 jackals (D:2)
  3 kobolds
  4 quokkas
  5 ball pythons
  7 bats
  A frilled lizard (D:1)
  4 rats
84 creatures vanquished.

Vanquished Creatures (others)
  An orc (D:3)
1 creature vanquished.

Grand Total: 85 creatures vanquished

Notes
Turn   | Place    | Note
-------+----------+-------------------------------------------
     0 | D:1      | Ethylacetat the Naga Hunter began the quest for the Orb.
     0 | D:1      | Reached XP level 1. HP: 19/19 MP: 1/1
   103 | D:1      | Reached XP level 2. HP: 15/26 MP: 2/2
   113 | D:1      | Reached skill level 4 in Bows
   619 | D:1      | Found a faded altar of an unknown god.
   644 | D:1      | Reached XP level 3. HP: 32/32 MP: 3/3
  1229 | D:2      | Reached XP level 4. HP: 29/39 MP: 4/4
  1531 | D:3      | Noticed Jessica
  1535 | D:3      | Killed Jessica
  1536 | D:3      | Reached skill level 1 in Short Blades
  1536 | D:3      | Reached skill level 1 in Armour
  1667 | D:3      | Found Orrofu Mov's Book Shop.
  2154 | D:3      | Reached XP level 5. HP: 38/46 MP: 5/5
  2218 | D:3      | Found a runed translucent door.
  2220 | D:3      | Noticed H0rd4k's ghost (amateur HuAr)
  2270 | D:3      | Noticed Natasha
  2279 | D:3      | Killed Natasha
  2635 | D:3      | Reached skill level 5 in Bows
  2640 | D:3      | Reached XP level 6. HP: 26/55 MP: 6/6
  2655 | D:3      | Found Jusuf's Book Emporium.
  2867 | D:3      | Found Usuasat's Weapon Shop.
  2877 | D:3      | Found Raum's Antique Weapon Boutique.
  3098 | D:3      | Noticed Natasha
  3104 | D:3      | Killed Natasha
  3355 | D:3      | Noticed Natasha
  3364 | D:3      | Killed Natasha
  3373 | D:4      | Found Fitihuef's Assorted Antiques.
  3680 | D:4      | Reached skill level 6 in Bows
  3680 | D:4      | Reached XP level 7. HP: 41/62 MP: 7/7
  4601 | D:4      | Bought a scroll labelled FAYMUSOGRA for 24 gold pieces
  4601 | D:4      | Bought a scroll labelled FAYMUSOGRA for 24 gold pieces
  4601 | D:4      | Bought a sedimented brown potion for 21 gold pieces
  4601 | D:4      | Bought 2 metallic purple potions for 43 gold pieces
  4606 | D:5      | Entered Level 5 of the Dungeon
  4606 | D:5      | Found Ubux's Assorted Antiques.
  4625 | D:5      | Found a staircase to the Ecumenical Temple.
  4632 | Temple   | Entered the Ecumenical Temple
  4651 | Temple   | Became a worshipper of Cheibriados the Contemplative
  4820 | D:5      | Identified the +0 robe of Cloud Cover {rPois Will+++ Regen+
                  | Dex-4}
  4863 | D:5      | Reached skill level 7 in Bows
  4941 | D:5      | Reached XP level 8. HP: 67/73 MP: 8/8
  5323 | D:5      | Noticed a wraith
  5341 | D:5      | HP: 2/73 [bullfrog zombie (4)]
  5342 | D:5      | Slain by a white imp

Illustrated notes

Levels and vault maps discovered:
D:1:      giann_forest_graveyard, layout_basic,
          hellmonk_ecumenical_altar_pennies_from_heaven
D:2:      layout_rooms, solitary_fountain
D:3:      layout_loops_ring, serial_shops, nicolae_shop_overgrown_old_shop,
          nicolae_shop_bloodbath_and_beyond, nicolae_shop_advertising_works
          [nicolae_subvault_shop_adworks], shop, ebering_ghost_reflecting_pool,
          uniq_natasha, uniq_jessica
D:4:      layout_gridville, serial_shops, nicolae_diamond_shop
D:5:      layout_basic, minmay_temple_entry_trees, serial_shops,
          nicolae_shop_hallway_stairs
Temple:   regret_index_temple_chain_breaker

Skill      XL: |  1  2  3  4  5  6  7 |
---------------+----------------------+-----
Bows           | 4 5 6 7 |  7.5
Short Blades   | 1 |  1.9
Armour         | 1 2 |  2.0
Fighting       | 3 4 |  4.9
Dodging        | |  1.5
Stealth        | |  1.5

Action                   |  1- 3 |  4- 6 |  7- 9 || total
-------------------------+-------+-------+-------++-------
Melee: Short sword       |    84 |    50 |    73 ||   207
       Punch             |     2 |     1 |       ||     3
 Fire: Shortbow          |     2 |    20 |    51 ||    73
 Abil: Spit Poison       |    26 |    24 |    19 ||    69
  Use: Potion            |       |     1 |     3 ||     4
       Scroll            |       |       |     2 ||     2
 Stab: Sleeping          |       |     1 |       ||     1
Armor: Leather armour    |    39 |    12 |   103 ||   154
Dodge: Dodged            |    46 |    17 |    74 ||   137
